 Dungeon Sprint DCSS version 0.26.1-2-gb8aa6d0cf2 (webtiles) character file.

Game seed: 14745123554343399908

28 Groucho the Covert (level 3, -3/16 HPs)
             Began as a Spriggan Enchanter on Mar 13, 2021.
             Slain by a water elemental (15 damage)
             ... in the Dungeon (Sprint III: "The Ten Rune Challenge").
             The game lasted 00:03:53 (971 turns).

Groucho the Covert (Spriggan Enchanter)              Turns: 971, Time: 00:03:53

Health: -3/16      AC:  1    Str:  5    XL:     3   Next: 0%
Magic:  6/8        EV: 20    Int: 16    God:
Gold:   27         SH:  0    Dex: 16    Spells: 1/7 levels left

rFire    + . .     SeeInvis +   a - +1 dagger
rCold    . . .     Faith    .   (shield restricted)
rNeg     . . .     Spirit   .   b - +0 robe
rPois    .         Reflect  .   (helmet restricted)
rElec    .         Harm     .   (no cloak)
rCorr    .         Rampage  .   (gloves unavailable)
Will     .....     NoTele   +   (boots unavailable)
Stlth    ++++......             (no amulet)
HPRegen  0.05/turn              c - ring of protection from fire
MPRegen  0.11/turn              (no ring)

@: confusing touch, very quick
A: very small, unfitting armour, talons 1, repulsion field 1, see invisible,
deformed body, speed 3, MP-powered wands
a: no special abilities


You were in the Dungeon.
You visited 1 branch You collected 27 gold pieces.

Inventory:

Hand Weapons
 a - a +1 dagger (weapon)
Missiles
 j - 13 poisoned darts (quivered)
Armour
 b - a +0 robe (worn)
Jewellery
 c - a ring of protection from fire (left hand)
Scrolls
 i - a scroll of blinking
 k - 3 scrolls of holy word {unknown}
 l - 3 scrolls of identify
 m - 3 scrolls of remove curse
Potions
 g - 2 potions of magic
 n - a potion of brilliance {unknown}
 o - 3 potions of flight


   Skills:
 + Level 1.3 Short Blades
 + Level 3.1 Dodging
 + Level 10.0 Stealth
 + Level 2.8 Spellcasting
 + Level 3.7 Hexes


You had one spell level left.
You knew the following spells:

 Your Spells              Type           Power        Failure   Level
a - Corona                Hex            15%          4%          1
b - Ensorcelled Hibernat  Hex/Ice        16%          14%         2
c - Confusing Touch       Hex            14%          12%         3

Your spell library contained the following spells:

 Spells                   Type           Power        Failure   Level
 Tukima's Dance           Hex            14%          12%         3
 Dazzling Flash           Conj/Hex       16%          26%         3


Dungeon Overview and Level Annotations

Branches:
Dungeon (1/1)

Altars:


Innate Abilities, Weirdness & Mutations

You are very small and have problems with some larger weapons.
You are too small for most types of armour.
You have supernaturally acute eyesight. (SInv)
You cover ground extremely quickly.
You have sharp toenails.
You are surrounded by a mild repulsion field. (EV +2)
Armour fits poorly on your strangely shaped body.
You expend magic power (3 MP) to strengthen your wands.


Message History

Unknown command.
Casting: Corona (safe; 4% risk of failure)
Confirm with . or Enter, or press ? or * to list all spells.
The spell is extremely dangerous to cast (12% risk of failure)!
Continue anyway?
Your hands begin to glow red.
You hit the water elemental but do no damage.
Your kick misses the water elemental. The water elemental misses you.
You barely miss the water elemental. Your kick misses the water elemental.
The water elemental barely misses you.
You barely miss the water elemental. The water elemental misses you.
You completely miss the water elemental.
The water elemental misses you.
You hit the water elemental but do no damage.
The water elemental closely misses you.
You hit the water elemental but do no damage.
The water elemental hits you.
You hit the water elemental but do no damage.
The water elemental hits you!
Ouch! That really hurt!
You die...

▓.....#....≈♣♣♣♣..###+#+#
▓.....#...≈≈♣♣..♣.#......
▓.....#..≈≈≈≈.♣♣..'.⌠....
▓####'#..≈≈≈≈≈≈♣♣.#...###
▓.....#.≈≈≈≈≈≈....#.⌠.#
▓.÷...#.≈≈≈≈≈.....#...#
▓.....#.≈≈≈.......#+###
▓'#####...........#
▓.......@E........#
▓▓▓▓▓▓▓▓▓▓▓▓▓▓▓▓▓▓▓


You could see a water elemental.

Vanquished Creatures
  A human (D)
  An ooze (D)
  A phantom (D)
  3 rats (D)
6 creatures vanquished.

Notes
Turn   | Place    | Note
-------+----------+-------------------------------------------
     0 | D        | Groucho the Spriggan Enchanter began the quest for the Orb.
     0 | D        | Reached XP level 1. HP: 9/9 MP: 5/5
     5 | D        | Reached skill level 5 in Stealth
    12 | D        | Reached skill level 7 in Stealth
   309 | D        | Reached skill level 10 in Stealth
   309 | D        | Reached XP level 2. HP: 7/13 MP: 6/6
   606 | D        | Reached XP level 3. HP: 11/16 MP: 8/8
   905 | D        | Learned a level 2 spell: Ensorcelled Hibernation
   909 | D        | Learned a level 3 spell: Confusing Touch
   930 | D        | Gained mutation: You are partially covered in thin metallic
                  | scales. (AC +2) [potion of mutation]
   931 | D        | Lost mutation: You are partially covered in thin metallic
                  | scales. (AC +2) [potion of mutation]
   931 | D        | Gained mutation: You evolve. [potion of mutation]
   931 | D        | Gained mutation: You are partially covered in icy blue
                  | scales. (AC +2) [potion of mutation]
   931 | D        | Gained mutation: You are surrounded by a mild repulsion
                  | field. (EV +2) [potion of mutation]
   932 | D        | Lost mutation: You are partially covered in icy blue
                  | scales. (AC +2) [potion of mutation]
   932 | D        | Lost mutation: You are surrounded by a mild repulsion
                  | field. (EV +2) [potion of mutation]
   932 | D        | Gained mutation: Your body sometimes deteriorates upon
                  | taking damage. [potion of mutation]
   932 | D        | Gained mutation: You expend magic power (3 MP) to
                  | strengthen your wands. [potion of mutation]
   932 | D        | Gained mutation: Armour fits poorly on your strangely
                  | shaped body. [potion of mutation]
   932 | D        | Gained mutation: You have large cloven feet. [potion of
                  | mutation]
   933 | D        | Lost mutation: Your body sometimes deteriorates upon taking
                  | damage. [potion of mutation]
   933 | D        | Lost mutation: You have large cloven feet. [potion of
                  | mutation]
   933 | D        | Lost mutation: You evolve. [potion of mutation]
   933 | D        | Gained mutation: You have sharp toenails. [potion of
                  | mutation]
   933 | D        | Gained mutation: You are surrounded by a mild repulsion
                  | field. (EV +2) [potion of mutation]
   947 | D        | Noticed a water elemental
   971 | D        | Slain by a water elemental

Illustrated notes

Levels and vault maps discovered:
D:        dungeon_sprint_mu [sprint_mu_entry_forest, sprint_mu_temple_rooms,
          sprint_mu_d1_spiders, sprint_mu_d2_genie, sprint_mu_d3_branching,
          sprint_mu_orc_legion, sprint_mu_elf_gauntlet, sprint_mu_hive_nellie,
          sprint_mu_lair_fedhas, sprint_mu_vaults_butterflies,
          sprint_mu_slime_circle, sprint_mu_swamp_cave, sprint_mu_snake_twists,
          sprint_mu_blade_basic, sprint_mu_crypt_chambers,
          sprint_mu_tomb_spiral, sprint_mu_vestibule_basic,
          sprint_mu_gehenna_hellfire, sprint_mu_dis_giant,
          sprint_mu_tartarus_statrot, sprint_mu_cocytus_islands, sprint_mu_zot1]

Skill      XL: |  1 |
---------------+----+-----
Stealth        | 10 | 10.0
Short Blades   | |  1.3
Dodging        | |  3.1
Spellcasting   | |  2.8
Hexes          | |  3.7

Action                   || total
-------------------------++-------
Melee: Dagger            ||    30
Throw: Dart              ||     9
 Cast: Confusing Touch   ||     1
  Use: Potion            ||     8
 Stab: Sleeping          ||     4
Dodge: Dodged            ||    15
